 Dungeon Crawl Stone Soup version 0.30-a0-862-g1aabd4f9c5 (webtiles) character file.

Game seed: 8774692138909919657

239 Dittersdorf the Trooper (level 6, -4/39 HPs)
             Began as a Gargoyle Fighter on Mar 9, 2023.
             Slain by an ogre
             ... wielding a +0 giant club
              (21 damage)
             ... on level 3 of the Dungeon.
             The game lasted 00:03:08 (2261 turns).

Dittersdorf the Trooper (Gargoyle Fighter)          Turns: 2261, Time: 00:03:09

Health: -4/39      AC: 15    Str: 21    XL:     6   Next: 7%
Magic:  6/6        EV:  9    Int:  9    God:
Gold:   54         SH:  4    Dex:  9    Spells: 5/5 levels left

rFire   . . .      SeeInvis .    a - +0 flail
rCold   . . .      Faith    .    c - +0 buckler
rNeg    + . .      Spirit   .    b - +0 scale mail
rPois   ∞          Reflect  .    m - +0 helmet
rElec   +          Rampage  .    q - +0 cloak
rCorr   .                        f - +0 pair of gloves
Will    .....                    (no boots) Stlth
                                 (no amulet)
HPRegen 0.26/turn                k - +4 ring of slaying
MPRegen 0.10/turn                (no ring)

@: no status effects
A: sickness immunity, AC +4, negative energy resistance 1, electricity
resistance, torment resistance 1, petrification resistance
a: no special abilities


You were on level 3 of the Dungeon.
You visited 1 branch of the dungeon, and saw 3 of its levels.

You collected 124 gold pieces.
You spent 70 gold pieces at shops.

Inventory:

Hand Weapons
 a - a +0 flail (weapon)
Armour
 b - a +0 scale mail (worn)
 c - a +0 buckler (worn)
 f - a +0 pair of gloves (worn)
 m - a +0 helmet (worn)
 q - a +0 cloak (worn)
Jewellery
 k - a +4 ring of slaying (left hand)
Scrolls
 e - a scroll of fog {unknown}
 g - a scroll of poison {unknown}
 h - a scroll of immolation {unknown}
 i - a scroll of enchant weapon {unknown}
 j - a scroll of identify {unknown}
 n - a scroll of silence {unknown}
 o - a scroll of vulnerability {unknown}
 p - a scroll of fear {unknown}
 t - a scroll of blinking {unknown}
Potions
 d - 2 potions of might
 l - 4 potions of ambrosia {unknown}
 r - 2 potions of heal wounds
 s - a potion of lignification {unknown}


   Skills:
 + Level 4.6 Fighting
 + Level 3.4 Maces & Flails
 + Level 4.5 Armour
 + Level 4.5 Shields


You had 5 spell levels left.
You didn't know any spells.
Your spell library contained the following spells:

 Spells                   Type           Power      Damage    Failure   Level
 Magic Dart               Conj           0%         1d3       80%         1
 Call Imp                 Summ           0%         N/A       91%         2
 Mephitic Cloud           Conj/Pois/Air  0%         N/A       99%         3


Dungeon Overview and Level Annotations

Branches:
Dungeon (3/15)

Altars:
Xom

Shops:
D:3 (!


Innate Abilities, Weirdness & Mutations

You are immune to sickness and miasma.
Your stone body is resilient. (AC +4)
You are immune to poison.
You resist negative energy. (rN+)
You are resistant to electric shocks. (rElec)
You are resistant to unholy torment.
You are immune to petrification.


Message History

No target in view!
Found a scale mail.
You now have 54 gold pieces (gained 10).
t - a scroll labelled RYISEFRICE
Found a stone staircase leading up.
An ogre comes into view. It is wielding a +0 giant club.
You hit the ogre.
The ogre is lightly wounded.
The ogre hits you with a +0 giant club!
You hit the ogre.
The ogre is moderately wounded.
You block the ogre's attack.
You hit the ogre.
The ogre is moderately wounded.
You sock the ogre!
The ogre is severely wounded.
An endoplasm comes into view.
The ogre hits you with a +0 giant club!
You are too injured to fight recklessly!
You are too injured to fight recklessly!
You are too injured to fight recklessly!
You are too injured to fight recklessly!
You are too injured to fight recklessly!
You are too injured to fight recklessly!
You are too injured to fight recklessly!
You are too injured to fight recklessly!
You are too injured to fight recklessly!
You are too injured to fight recklessly!
You are too injured to fight recklessly!
You are too injured to fight recklessly!
You are too injured to fight recklessly!
You are too injured to fight recklessly!
You are too injured to fight recklessly!
You are too injured to fight recklessly!
The endoplasm quivers.
You hit the ogre but do no damage.
The ogre is severely wounded.
The ogre hits you with a +0 giant club!!
Ouch! That really hurt!
You die...

####......####....
##..##.........
##.#..####....
#####...## .
........###
.######...##
###..# ##.###
#..@# ###O# ...#
#..... #......
###...... .J....
......


You could see an ogre and an endoplasm.

Vanquished Creatures
  A centaur (D:3)
  7 gnolls
  4 adders
  A worm (D:2)
  A dart slug (D:2)
  5 bats
  2 endoplasms (D:1)
  4 giant cockroaches
  3 goblins
  5 hobgoblins
  6 jackals
  5 kobolds
  A quokka (D:2)
  2 ball pythons
  3 frilled lizards
  7 rats
57 creatures vanquished.

Vanquished Creatures (others)
  4 plants (D:2)
4 creatures vanquished.

Grand Total: 61 creatures vanquished

Notes
Turn   | Place    | Note
-------+----------+-------------------------------------------
     0 | D:1      | Dittersdorf the Gargoyle Fighter began the quest for the
                  | Orb.
     0 | D:1      | Reached XP level 1. HP: 14/14 MP: 1/1
    63 | D:1      | Reached XP level 2. HP: 14/19 MP: 2/2
   529 | D:1      | You fall into a shaft and drop 1 floor!
   551 | D:2      | Reached XP level 3. HP: 22/23 MP: 3/3
  1169 | D:2      | Reached XP level 4. HP: 16/29 MP: 4/4
  1313 | D:2      | Found a shimmering altar of Xom.
  1733 | D:2      | Found a faded altar of an unknown god.
  1797 | D:3      | Found Ham Liom's Distillery.
  1844 | D:3      | Bought a potion of heal wounds for 70 gold pieces
  1854 | D:3      | Reached XP level 5. HP: 23/33 MP: 5/5
  1987 | D:3      | Noticed a centaur
  2002 | D:3      | Killed a centaur
  2003 | D:3      | Reached XP level 6. HP: 3/39 MP: 6/6
  2142 | D:3      | Found Rimaogao's Antique Weapon Shop.
  2261 | D:3      | Slain by an ogre

Illustrated notes

Levels and vault maps discovered:
D:1:      scummos_arrival_gate, layout_basic
D:2:      layout_loops_ring, chequers_ecumenical_altar_simple, basic_altar,
          nicolae_grassy_gnolls
D:3:      layout_rooms, gammafunk_temple_overflow_statue, serial_shops,
          nicolae_shop_hallway_plus, shop, shop, nicolae_square_shop

Skill      XL: |  1  2  3  4 |
---------------+-------------+-----
Fighting       | 4 |  4.6
Armour         | 4 |  4.5
Shields        | 4 |  4.5
Maces & Flails | 3 |  3.4

Action                     |  1- 3 |  4- 6 || total
---------------------------+-------+-------++-------
  Melee: Flail             |    85 |    90 ||   175
 Armour: Scale mail        |    52 |    63 ||   115
  Dodge: Dodged            |    36 |    40 ||    76
  Block: Buckler           |    32 |    30 ||    62

Table legend: (Time is in decaauts)
 A = Elapsed time spent in this place.
 B = Non-inter-level travel time spent in this place.
 C = Inter-level travel time spent in this place.
 D = Time resting spent in this place.
 E = Time spent auto-exploring this place.
 F = Levels seen in this place.
 G = Mean time per level.
                   A        B        C        D        E       F      G
               +--------+--------+--------+--------+--------+-----+--------+
         Total |   2319 |   2238 |     81 |    219 |   1549 |   3 |  773.0 |
       Dungeon |   2319 |   2238 |     81 |    219 |   1549 |   3 |  773.0 |
               +--------+--------+--------+--------+--------+-----+--------+

Top non-repeatable levels by time:
     D:1: 1002 daAuts
     D:2: 878 daAuts
     D:3: 438 daAuts
